 Dungeon Crawl Stone Soup version 0.30-a0-297-g0ec75d9ef4 (webtiles) character file.

Game seed: 13366440447116673629

45 ytrimaz the Trooper (level 3, -1/34 HPs)
             Began as a Hill Orc Fighter on Oct 18, 2022.
             Slain by a gnoll
             ... wielding a +0 club
              (5 damage)
             ... on level 2 of the Dungeon.
             The game lasted 00:01:03 (869 turns).

ytrimaz the Trooper (Hill Orc Fighter)               Turns: 869, Time: 00:01:04

Health: -1/34      AC:  6    Str: 20    XL:     3   Next: 64%
Magic:  3/3        EV:  9    Int:  8    God:
Gold:   55         SH:  4    Dex: 10    Spells: 2/2 levels left

rFire   . . .      SeeInvis .    a - +0 war axe
rCold   . . .      Faith    .    c - +0 buckler
rNeg    . . .      Spirit   .    b - +0 scale mail
rPois   .          Reflect  .    (no helmet)
rElec   .          Harm     .    (no cloak)
rCorr   .          Rampage  .    (no gloves)
Will    .....                    (no boots)
Stlth   ..........               (no amulet)
HPRegen 0.25/turn                (no ring)
MPRegen 0.08/turn                (no ring)

@: mighty
A: no striking features
a: no special abilities


You were on level 2 of the Dungeon.
You visited 1 branch of the dungeon, and saw 2 of its levels.

You collected 55 gold pieces.


   Skills:
 + Level 4.6 Fighting
 + Level 4.1 Axes
 - Level 3.2 Armour
 - Level 3.2 Shields


You had 2 spell levels left.
You didn't know any spells.
Your spell library was empty.

Inventory:

Hand Weapons
 a - a +0 war axe (weapon)
Armour
 b - a +0 scale mail (worn)
 c - a +0 buckler (worn)
Scrolls
 g - a scroll of enchant weapon {unknown}
Potions
 e - a potion of haste {unknown}
 f - a potion of curing {unknown}
 i - a potion of lignification {unknown}
 j - a potion of ambrosia {unknown}

Dungeon Overview and Level Annotations

Branches:
Dungeon (2/15) Zot: 11097

Altars:

#.#######.......'...'†......#
#.# #.......#...#)......# #.#
##.....##...##.....## #.#
##...###...###...## #.#######
##### #...# #####
#...†...###...# #...#
######.###.....##..(#
#.....##......g#...#
#.#....#..)(..g@...+
#.#.##.#......)#...#
#.#..#.##.....##...#
#.#..#.###...# #...# #.##.#.#
#### #...# #.##.#.# #...#
#......# #...# ####.### #...#
###.#.#


You could see 2 gnolls.


Message History

Unknown command.
Unknown command.
g - a scroll labelled ZUISCH ZAJIRIHITIY 😎 HP[+6]
Your hp is fully restored (34).
Key pressed, stopping explore.
Unknown command.
You see here a quokka corpse.
There is an open door here.
You open the door.
A rat comes into view.
A rat is nearby!
Unknown command.
There is an open door here.
A rat is nearby!
A rat is nearby!
The rat barely misses you.
You barely miss the rat. You block the rat's attack.
Unknown command.
You barely miss the rat. The rat barely misses you.
The rat bites you but does no damage.
You hit the rat.
You kill the rat!
No target in view!
Unknown command.
No target in view!
Unknown command.
You now have 45 gold pieces (gained 7).
You now have 55 gold pieces (gained 10).
Key pressed, stopping explore.
No target in view!
There is an open door here.
Key pressed, stopping explore.
Unknown command.
You open the door.
An endoplasm, 4 gnolls and a goblin come into view.
The gnoll shouts! x3; The goblin shouts!
The goblin hits you with a +0 dagger.
There is an open door here.
There are monsters nearby!
Unknown command. 😕 HP[-1]
You take 1 damage, and now have 33/34 hp.
You hit the gnoll. You slash the goblin!
You kill the goblin!
The gnoll hits you with a +0 flail. 😕 HP[-3]
You take 3 damage, and now have 30/34 hp.
There are monsters nearby!
You hit the gnoll. You hit the gnoll but do no damage.
You hit the endoplasm but do no damage.
The endoplasm hits you but does no damage.
The gnoll barely misses you. The gnoll hits you with a +0 club.
The gnoll closely misses you. The endoplasm barely misses you.
The gnoll closely misses you. 😮 HP[-5]
You take 5 damage, and now have 25/34 hp.
Unknown command.
You are too injured to fight recklessly!
You barely miss the gnoll. You hit the endoplasm. You slash the gnoll!
The endoplasm barely misses you.
The gnoll closely misses you. x2 😕 HP[+1]
You slash the gnoll!
You kill the gnoll!
You closely miss the gnoll. You slash the endoplasm!
You kill the endoplasm!
The gnoll throws a throwing net.
The throwing net closely misses you. The gnoll closely misses you.
Your Axes skill increases to level 4!
You barely miss the gnoll. x2; The gnoll hits you with a +0 club. x2
* * * LOW HITPOINT WARNING * * *
😨 HP[-9]
You take 9 damage, and now have 17/34 hp.
MASSIVE DAMAGE!! (PAUSE)
You barely miss the gnoll. x2; The gnoll hits you but does no damage.
The gnoll closely misses you. The gnoll hits you with a +0 club.
* * * LOW HITPOINT WARNING * * *
The gnoll hits you with a +0 club.
* * * LOW HITPOINT WARNING * * *
You block the gnoll's attack.
You are too injured to fight recklessly! 😨 HP[-3]
You take 3 damage, and now have 14/34 hp.
Unknown command.
You feel very mighty all of a sudden. The gnoll hits you with a +0 club.
* * * LOW HITPOINT WARNING * * *
The gnoll hits you with a +0 club.
* * * LOW HITPOINT WARNING * * *
The gnoll hits you with a +0 club.
* * * LOW HITPOINT WARNING * * *
😱 HP[-10]
You take 10 damage, and now have 4/34 hp.
MASSIVE DAMAGE!! (PAUSE) Unknown command.
You barely miss the gnoll. You hit the gnoll but do no damage.
You hit the gnoll.
You kill the gnoll!
The gnoll hits you with a +0 club.
You die...

Skill      XL: |  1  2  3 |
---------------+----------+-----
Axes           | 3 4 |  4.1
Fighting       | 4 |  4.6
Armour         | |  3.2
Shields        | |  3.2

Action                   || total
-------------------------++-------
Melee: War axe           ||    92
  Use: Scroll            ||     2
       Potion            ||     1
Armor: Scale mail        ||    44
Dodge: Dodged            ||    42
Block: Buckler           ||    23

Levels and vault maps discovered:
D:1:      eino_arrival_tree_alley, layout_basic
D:2:      kennysheep_six_static_rooms, layout_basic,
          dilly_ecumenical_altar_fadedgnrine, minmay_fractal_squares_gapless_5

Notes
Turn   | Place    | Note
-------+----------+-------------------------------------------
     0 | D:1      | ytrimaz the Hill Orc Fighter began the quest for the Orb.
     0 | D:1      | Reached XP level 1. HP: 19/19 MP: 1/1
     0 | D:1      | magus.rc [v1.9.6]
    44 | D:1      | Reached skill level 3 in Axes
    88 | D:1      | Reached XP level 2. HP: 27/27 MP: 2/2
    96 | D:1      | Reached skill level 4 in Fighting
   599 | D:2      | Reached XP level 3. HP: 34/34 MP: 3/3
   866 | D:2      | Reached skill level 4 in Axes
   868 | D:2      | HP: 6/34 [gnoll/+0 club (4)]
   869 | D:2      | Slain by a gnoll

Vanquished Creatures
  2 gnolls (D:2)
  2 bats
  4 endoplasms
  A giant cockroach (D:1)
  3 goblins
  2 hobgoblins (D:1)
  4 kobolds
  3 quokkas
  3 ball pythons (D:1)
  6 frilled lizards
  5 rats
35 creatures vanquished.

Table legend:
 A = Non-vault XP
 B = Vault XP
 C = Vault XP percentage of total XP
 D = Non-vault monster count
 E = Vault monster count
 F = Vault count percentage of total count
                 A         B        C        D         E       F
            +---------+---------+-------+---------+---------+-------
      Total |      75 |       5 |   6.2 |      32 |       3 |   8.6
            +---------+---------+-------+---------+---------+-------
        D:1 |      33 |       0 |   0.0 |      22 |       0 |   0.0
        D:2 |      42 |       5 |  10.6 |      10 |       3 |  23.1
            +---------+---------+-------+---------+---------+-------

Illustrated notes

Table legend:
 A = Kills in this place as a percentage of kills in entire the game.
 B = Kills by you in this place as a percentage of kills by you in the entire game.
 C = Kills by friends in this place as a percentage of kills by friends in the entire game.
 D = Other kills in this place as a percentage of other kills in the entire game.
 E = Experience gained in this place as a percentage of experience gained in the entire game.
 F = Experience gained in this place divided by the number of levels of this place that you have seen.
                   A       B       C       D       E      F
               +-------+-------+-------+-------+-------+----------------------
         Total | 100.0 | 100.0 |   N/A |   N/A | 100.0 |  40.0
       Dungeon | 100.0 | 100.0 |   N/A |   N/A | 100.0 |  40.0
               +-------+-------+-------+-------+-------+----------------------

Table legend: (Time is in decaauts)
 A = Elapsed time spent in this place.
 B = Non-inter-level travel time spent in this place.
 C = Inter-level travel time spent in this place.
 D = Time resting spent in this place.
 E = Time spent auto-exploring this place.
 F = Levels seen in this place.
 G = Mean time per level.
                   A        B        C        D        E       F      G
               +--------+--------+--------+--------+--------+-----+--------+
         Total |    901 |    891 |     10 |      0 |    640 |   2 |  450.5 |
       Dungeon |    901 |    891 |     10 |      0 |    640 |   2 |  450.5 |
               +--------+--------+--------+--------+--------+-----+--------+

Top non-repeatable levels by time:
     D:1: 614 daAuts
     D:2: 286 daAuts
